Unix NetHack Version 5.0.0-0 post-release - last build May 31 2026 23:59:36 (970b52f25bf058293b47ddfd14a1e40e571c508c,branch:main).

Game began 2026-06-03 21:03:04, ended 2026-06-04 07:30:35.

Eymerich, chaotic male elven Priest

                   -- ---
                  |..--.---                        ---
                  -.......---                    ---.---  .---
                  ..........|                   --.....|  -..--
     ----------   ..........|                   |......|---...--
     |........|   ........---                   |......--......--
     |....--..-- --.....-.|      ----           --..............|
     --..--|...- -........--     |..| ---    -----.........------
           --............>.------|..---.|   --.--..........|
            -...)................--.....-----.........[....-------
           |........F......)........).B@.....k...........%.......----
           |.....----....------....|...---------....................|   ----
           |....*|  |....|    ----.|-..|       -----...0............-----..---
            -...--  --[--- ----  |.|..--       --- |..............^..|.|.....|
           --....--  ---   |..--.|...--      .--.| |.........................|
           |.......--    ---.........--      -.........0..--...............---
           ---......|    |.........[.<|      |..........-----..............|
             --..----   --........-----      |..--.--.---   --.............--
              ----      |....---.--          |..|------      ---...---......|
                        --.--- ---           ----              ----  |..--..|
                         ---                                         --------
Eymerich the Adept           St:9 Dx:12 Co:16 In:10 Wi:16 Ch:13  Chaotic
Dlvl:5  $:34 HP:0(44) Pw:75(75) AC:0  Xp:6 T:8694  Burdened

Latest messages:
 The giant bat bites!
 In what direction?
 The arrow named standard hits the giant bat.
 The giant bat bites!
 The giant bat misses!
 The giant bat bites!
 In what direction?
 The arrow named standard hits the giant bat.
 The giant bat bites!
 In what direction?
 You kill the giant bat!
 You see here 2 arrows named standard.
 The elf zombie misses!
 You miss the elf zombie.
 You see here 2 arrows named standard.
 You have a little trouble lifting K - 2 arrows named standard (in quiver) (97 in total).
 In what direction?
 The arrow named standard hits the elf zombie.
 In what direction?
 You destroy the elf zombie!
 There is nothing here to pick up.
 In what direction?
 The arrow named standard hits it!
 In what direction?
 The arrow named standard hits the elf zombie.
 The elf zombie hits!
 What do you want to use or apply? [cnpuvBCEGJMTU or ?*]
 In what direction?
 The elf zombie ignores her reflection.
 What do you want to use or apply? [cnpuvBCEGJMTU or ?*]
 In what direction?
 The giant bat is frightened by its reflection.
 In what direction?
 You destroy it!
 A kobold lord suddenly appears close by!
 In what direction?
 The arrow named standard hits the giant bat.
 The giant bat misses!
 The giant bat misses!
 a - a blessed +3 mace (weapon in right hand).
 m - a bow (alternate weapon; not wielded).
 The giant bat bites!
 The giant bat just misses!
 You hit the giant bat!
 The giant bat bites!
 The giant bat bites!
 The giant bat misses!
 The giant bat bites!
 You die...
 Do you want your possessions identified? [ynq] (y)

Inventory:
 Coins    ('$')
  $ - 34 gold pieces
 Weapons  (')')
  j - 6 blessed +2 arrows named high
  K - 91 +0 arrows named standard (in quiver)
  R - 9 +0 orcish arrows
  m - a +1 bow (alternate weapon; not wielded)
  g - 17 +2 darts named high
  S - 49 +0 darts named standard
  r - a +1 dagger named high
  V - a +0 dagger named standard
  Z - a +0 elven dagger named standard
  t - a blessed +1 aklys
  a - a blessed +3 mace (weapon in right hand)
 Armor    ('[')
  L - a +1 orcish helm (being worn)
  Y - a +2 dwarvish cloak (being worn)
  b - a +0 robe
  I - a +0 dwarvish mithril-coat (being worn)
 Comestibles  ('%')
  W - a carrot
  e - a clove of garlic
  s - a food ration
  f - a sprig of wolfsbane
  z - a cursed tripe ration
 Scrolls  ('?')
  y - a scroll of magic mapping
  w - a scroll of teleportation
 Potions  ('!')
  h - 2 potions of booze
  X - a potion of healing
  Q - a potion of monster detection
  d - 2 potions of holy water
 Rings    ('=')
  D - a blessed +2 ring of gain constitution
  k - a ring of see invisible
 Wands    ('/')
  v - a wand of digging (0:5)
  n - a wand of light (0:12)
  E - a wand of make invisible (0:4)
  u - a wand of stasis (0:2)
  M - a wand of striking (0:1)
 Tools    ('(')
  J - a bag of holding containing 14 items
  G - a blindfold
  T - a lock pick
  U - a lock pick
  C - a magic whistle
  c - a mirror
  p - a skeleton key
  B - a skeleton key
 Gems/Stones  ('*')
  N - a worthless piece of black glass named soft
  o - 3 worthless pieces of red glass named soft (junk?)
  O - a worthless piece of white glass named soft

Contents of the bag of holding:
  an amulet of reflection
  a carrot
  a cream pie
  a food ration
  2 lembas wafers
  a scroll of scare monster
  a scroll of remove curse
  2 scrolls of enchant armor
  a ring of shock resistance
  a magic marker (0:11)
  a worthless piece of blue glass named soft
  a worthless piece of black glass named soft
  a worthless piece of red glass named soft
  2 worthless pieces of white glass named soft

Eymerich the Priest's attributes:

Background:
 You were an Adept, a level 6 elven Priest.
 You were chaotic, on a mission for Susanowo
 who was opposed by Amaterasu Omikami (lawful) and Raijin (neutral).
 You were right-handed.
 You were in the Gnomish Mines, on level 5.
 You entered the dungeon 8694 turns ago.
 You had 384 experience points, 256 more were needed to attain level 7.

Basics:
 You had 0 out of 44 hit points.
 You had all 75 energy points (spell power).
 Your armor class was 0.
 Your wallet contained 34 zorkmids.
 Autopickup was off.

Final Characteristics:
 Your strength was 9 (peak:13, limit:18).
 Your dexterity was 12 (limit:18).
 Your constitution was 16 (limit:16).
 Your intelligence was 10 (limit:20).
 Your wisdom was 16 (limit:20).
 Your charisma was 13 (limit:18).

Final Status:
 You weren't hungry.
 You were burdened; movement was slightly slowed.
 You were wielding a mace.
 You were skilled in mace.

Final Attributes:
 You were piously aligned.
 Your items were somewhat protected from fire.
 Your items were somewhat protected from cold.
 You were sleep resistant.
 You were telepathic.
 You had infravision.
 You were guarded.
 Your spell casting was impaired by metallic armor.
 You are dead.

Miscellaneous:
 You didn't encounter any bones levels.
 Total elapsed playing time was 2 hours, 18 minutes and 32 seconds.

Major events:
 Turn
    1: Eymerich the chaotic elven Priest entered the dungeon
  417: attained the rank of Acolyte (level 3)
 3124: attained the rank of Adept (level 6)
 4531: entered the Gnomish Mines
 6583: reached Mine Town
 8694: killed by a giant bat

Spells:
 Name                 Level Category     Fail Retention
 healing                1   healing       79%   51%-75%
 detect unseen          3   divination   100%   51%-75%
 light                  1   clerical      96%   71%-80%

Skills:
 Fighting Skills
   bare handed combat [Unskilled]
 Weapon Skills
   club               [Unskilled]
   mace               [Skilled]
   morning star       [Unskilled]
   flail              [Unskilled]
   hammer             [Unskilled]
   quarterstaff       [Unskilled]
   polearms           [Unskilled]
   spear              [Unskilled]
   trident            [Unskilled]
   lance              [Unskilled]
   bow                [Basic]
   sling              [Unskilled]
   crossbow           [Unskilled]
   dart               [Unskilled]
   shuriken           [Unskilled]
   boomerang          [Unskilled]
   unicorn horn       [Unskilled]
 Spellcasting Skills
   healing spells     [Unskilled]
   divination spells  [Unskilled]
   clerical spells    [Basic]

Voluntary challenges:
 Character rerolling was not enabled.
 You never genocided any monsters.
 You never polymorphed an object.
 You never changed form.
 You used no wishes.
Achievements:
 You attained the rank of Acolyte.
 You entered a shop.
 You attained the rank of Adept.
 You entered the Gnomish Mines.
 You entered Minetown.
 You entered a temple.

 The Dungeons of Doom: levels 1 to 7
    Level 1: "vault (done)"
    Level 2:
       A general store, a fountain.
    Level 3: "vault, chest 8 items"
       A general store, a fountain.
       Stairs down to The Gnomish Mines.
    Level 4:
       An altar.
    Level 5: "chest 8 items"
       A sink.
    Level 6:
    Level 7:
 The Gnomish Mines: levels 4 to 8
    Level 4:
    Level 5: <- You were here.
       Final resting place for
          you, killed by a giant bat.
    Level 6:
       Many shops, a temple and an altar to Susanowo, some fountains, a sink.
    Level 7:
    Level 8:


Vanquished creatures:
  2 ghosts
  a small mimic
  a dwarf ruler
  2 watchmen
  2 giant beetles
  2 leprechauns
 an orc mummy
  a werewolf
  a dingo
  a dog
  a snake
  4 human zombies
  a soldier ant
  a mountain nymph
  a rock piercer
  2 rock moles
  a fog cloud
  a yellow light
  9 gnome leaders
  5 gnomish wizards
  a kobold mummy
  a gray ooze
  a barrow wight
  2 elf zombies
  a little dog
  3 floating eyes
  9 dwarves
  a kobold leader
  a kobold shaman
  9 hill orcs
  4 rothes
  a centipede
  a giant bat
  6 monkeys
  4 orc zombies
  3 dwarf zombies
  a werejackal
  3 iguanas
  2 acid blobs
  3 hobbits
 11 manes
  a large kobold
  2 hobgoblins
  2 giant rats
  3 cave spiders
  2 brown molds
  4 yellow molds
  3 green molds
  a red mold
 37 gnomes
  6 geckos
 14 jackals
  a fox
  a kobold
  4 goblins
  3 sewer rats
  7 grid bugs
  3 bats
  5 lichens
  3 kobold zombies
 10 newts
220 creatures vanquished.

No species were genocided or became extinct.

Game over:
                       ----------
                      /          \
                     /    REST    \
                    /      IN      \
                   /     PEACE      \
                  /                  \
                  |     Eymerich     |
                  |      34 Au       |
                  |   killed by a    |
                  |    giant bat     |
                  |                  |
                  |                  |
                  |       2026       |
                 *|     *  *  *      | *
        _________)/\\_//(\/(/\)/\//\/|_)_______

Goodbye Eymerich the Priest...

You died in The Gnomish Mines on dungeon level 5 with 7387 points,
and 34 pieces of gold, after 8694 moves.
You were level 6 with a maximum of 44 hit points when you died.

